 Dungeon Crawl Stone Soup version 0.22.1-1-ga44c0e56f4 (webtiles) character file.

70 Ivernyr the Magician (level 4, 24/33 HPs)
             Began as a Draconian Wizard on Oct 12, 2018.
             Quit the game on level 2 of the Dungeon.
             The game lasted 00:22:19 (2308 turns).

Ivernyr the Magician (Draconian Wizard)             Turns: 2308, Time: 00:22:20

Health: 24/33      AC:  5    Str: 10    XL:     4   Next: 4%
Magic:  2/9        EV: 12    Int: 19    God:
Gold:   26         SH:  0    Dex:  9    Spells: 1/10 levels left

rFire    . . .     SeeInvis .   (no weapon)
rCold    . . .     Gourm    .   (no shield)
rNeg     . . .     Faith    .   (armour unavailable)
rPois    .         Spirit   .   a - +0 hat
rElec    .         Reflect  .   (no cloak)
rCorr    .         Harm     .   (no gloves)
MR       .....                  (no boots)
Stlth    ++........             (no amulet)
HPRegen  0.11/turn              (no ring)
MPRegen  0.11/turn              (no ring)

@: mildly poisoned (24 -> 16)
A: unfitting armour, cold-blooded, AC +5
a: no special abilities


You were on level 2 of the Dungeon.
You were not hungry.

You visited 1 branch of the dungeon, and saw 2 of its levels.

You collected 26 gold pieces.

Inventory:

Armour
 a - a +0 hat (worn)
Jewellery
 k - an uncursed amulet of the gourmand {unknown}
Scrolls
 d - 4 scrolls of identify {unknown}
 f - a scroll of enchant weapon {unknown}
 g - 2 scrolls of teleportation {unknown}
Potions
 b - a potion of mutation {unknown}
 e - a potion of curing {unknown}
 h - a potion of berserk rage {unknown}
 i - a potion of degeneration {unknown}
 j - a potion of heal wounds {unknown}
Comestibles
 c - 2 rations
 l - a chunk of flesh


   Skills:
 + Level 2.4 Dodging
 - Level 1.7 Stealth
 * Level 3.9 Spellcasting
 * Level 2.1 Conjurations
   Level 1.0 Summonings
 - Level 1.0 Translocations


You had one spell level left.
You knew the following spells:

 Your Spells              Type           Power        Failure   Level  Hunger
a - Magic Dart            Conj           ##..         6%          1    None
b - Blink                 Tloc           N/A          14%         2    ##.....
c - Conjure Flame         Conj/Fire      #.......     26%         3    ###....
d - Mephitic Cloud        Conj/Pois/Air  #.......     30%         3    ###....

Your spell library contained the following spells:

 Spells                   Type           Power        Failure   Level  Hunger
 Call Imp                 Summ           #.......     14%         2    ##.....
 Slow                     Hex            #.......     22%         2    ##.....


Dungeon Overview and Level Annotations

Branches:
Dungeon (2/15)

Altars:


Innate Abilities, Weirdness & Mutations

Your plain brown scales are hard. (AC +5)
You cannot fit into any form of body armour.
You are cold-blooded and may be slowed by cold attacks.


Message History

The adder poisons you!
Casting: Magic Dart (safe; 6% risk of failure)
Confirm with . or Enter, or press ? or * to list all spells.
Aiming: Magic Dart (safe; 6% risk of failure)
Press: ? - help, Shift-Dir - straight line, f/p - adder
Aim: an adder (almost dead)
The magic dart hits the adder.
The adder is almost dead.
You feel sick. The adder closely misses you.
Casting: Magic Dart (safe; 6% risk of failure)
Confirm with . or Enter, or press ? or * to list all spells.
Aiming: Magic Dart (safe; 6% risk of failure)
Press: ? - help, Shift-Dir - straight line, f/p - adder
Aim: an adder (almost dead)
The magic dart hits the adder.
You kill the adder!
You have reached level 4!
You feel stronger.
You feel sick.
Are you sure you want to abandon this character and quit the game? (Confirm

... ........g........
#.# #######g....#.#.#
#.# ####.......... #.#
#.##...#.#.#.# #.#
#.##..(#...#.# #.#
#.##...#...# #.#
#.##...#..>.. ######
##.#######.g....# ###.#
#....#
#<<.....@g......#... ..
#....#
#..#######g###..#.###.#
#.(..# #..#
#..............
##....###.##
##.##.#.###.#.
.'........#
#.............
##....###.#
#..#.#.###.#.# ######
#.# #..#.#..† #.#
#..#.##.## #.#
#..#.##.#


You could see 2 gnolls and a hobgoblin.

Vanquished Creatures
  2 adders (D:2)
  An ooze (D:2)
  2 dart slugs (D:1)
  A leopard gecko (D:1)
  5 bats (D:1)
  3 giant cockroaches
  5 goblins
  5 hobgoblins (D:1)
  4 jackals (D:1)
  7 frilled lizards
  5 kobolds (D:1)
  3 rats (D:1)
43 creatures vanquished.

Notes
Turn   | Place    | Note
-------+----------+-------------------------------------------
     0 | D:1      | Ivernyr the Draconian Wizard began the quest for the Orb.
     0 | D:1      | Reached XP level 1. HP: 14/14 MP: 4/4
   439 | D:1      | Reached XP level 2. HP: 20/20 MP: 0/6
   893 | D:1      | Learned a level 2 spell: Blink
  1375 | D:1      | Reached XP level 3. HP: 26/26 MP: 5/8
  1406 | D:1      | Learned a level 3 spell: Conjure Flame
  1410 | D:1      | Learned a level 3 spell: Mephitic Cloud
  2307 | D:2      | Reached XP level 4. HP: 25/33 MP: 2/9
  2308 | D:2      | Quit the game

Skill      XL: |  1  2  3 |
---------------+----------+-----
Dodging        | 2 |  2.4
Conjurations   | 2 |  2.1
Stealth        | |  1.7
Spellcasting   | |  3.9
Summonings     | |  1.0
Translocations | |  1.0

Action                   |  1- 3 |  4- 6 || total
-------------------------+-------+-------++-------
Melee: Unarmed           |    56 |       ||    56
       Tailslap          |     5 |       ||     5
 Cast: Magic Dart        |   108 |     1 ||   109
  Eat: Chunk             |     4 |       ||     4
Armor: Skin              |    49 |       ||    49
Dodge: Dodged            |   105 |       ||   105
